AoeStats
← MarkedMantis233

Black Forest

510397191Analyzed
4v4 RM · 2d ago on Sep 30, 2026· 47m 0s· 8 players
Game mode
Random Map
Map size
Large (8 player)
Population
200
Speed
Normal
Resources
Standard
Victory
Conquest
Starting age
Dark Age
Ending age
Imperial Age
RankedLock teamsTeams togetherTeam positionsShared explorationLock speedFull tech treeHidden civsTurbo modeCheats
Victory
Defeat
🇹🇷 Britons · Türkiye
1064
+13
🇹🇷 Persians · Türkiye
983
+16
🇬🇧 Persians · United Kingdom
974
+16
🇬🇧 Slavs · United Kingdom
972
+16
🇨🇦 Britons · Canada
1042
-53
🇨🇦 Burgundians · Canada
1000
-48
🇺🇸 Celts · United States
981
-15
🇱🇺 Turks · Luxembourg
907
-12
Gila9x
11:01 Feudal Age
12:23 Double-Bit Axe
12:03 Man-at-Arms
12:56 Gold Mining
14:02 Forging
15:08 Arson
18:47 Wheelbarrow
23:25 Castle Age
22:24 Scale Barding Armor
24:48 Iron Casting
24:34 Chain Barding Armor
26:56 Hand Cart
26:27 Loom
27:59 Bow Saw
28:28 Gold Shaft Mining
27:17 Light Cavalry
28:22 Bloodlines
28:13 Husbandry
32:32 Town Watch
34:32 Stone Mining
34:24 Horse Collar
39:31 Stone Shaft Mining
45:38 Imperial Age
44:20 Padded Archer Armor
Hvide
0:44 Loom
10:50 Feudal Age
10:53 Man-at-Arms
16:19 Double-Bit Axe
17:46 Scale Mail Armor
23:47 Castle Age
22:34 Forging
25:03 Long Swordsman
27:49 Chain Mail Armor
28:47 Iron Casting
31:37 Bow Saw
34:16 Imperial Age
33:27 Wheelbarrow
33:39 Wheelbarrow
33:56 Gold Mining
35:16 Detinets
35:53 Two-Handed Swordsman
38:18 Squires
38:32 Heavy Scorpion
41:53 Plate Mail Armor
TheCaesar
3:34 Loom
11:49 Feudal Age
16:07 Castle Age
14:59 Double-Bit Axe
15:07 Gold Mining
20:45 Stone Mining
22:48 Fletching
23:20 Crossbowman
26:45 Bodkin Arrow
26:51 Padded Archer Armor
28:09 Ballistics
28:26 Wheelbarrow
29:58 Hand Cart
31:41 Yeomen
35:14 Imperial Age
35:20 Imperial Age
37:05 Chemistry
36:13 Bracer
36:28 Leather Archer Armor
36:20 Elite Longbowman
38:02 Arbalester
45:33 Spies/Treason
Andorra Elturco
6:06 Loom
10:40 Feudal Age
11:30 Double-Bit Axe
17:17 Castle Age
18:12 Horse Collar
20:03 Bow Saw
20:04 Husbandry
22:08 Bloodlines
22:05 Gold Mining
26:13 Wheelbarrow
27:19 Scale Barding Armor
28:07 Heavy Plow
29:33 Stone Mining
31:47 Gold Shaft Mining
32:11 Chain Barding Armor
32:02 Forging
35:43 Imperial Age
34:51 Hand Cart
34:41 Caravan
35:30 Ballistics
36:25 Conscription
36:13 Squires
35:36 Pikeman
36:02 Arson
36:08 Cavalier
38:04 Chemistry
36:56 Arson
37:44 Gambesons
38:52 Crop Rotation
39:24 Two-Man Saw
38:26 Savar
41:26 Stone Shaft Mining
43:48 Plate Barding Armor
43:50 Iron Casting
44:55 Elite War Elephant
45:44 Scale Mail Armor
46:46 Blast Furnace
Voobly
0:27 Loom
13:59 Feudal Age
14:41 Double-Bit Axe
16:41 Gold Mining
19:27 Man-at-Arms
29:36 Castle Age
29:10 Fletching
epic porc epic
15:08 Feudal Age
16:53 Wheelbarrow
16:58 Town Watch
16:57 Horse Collar
17:05 Double-Bit Axe
17:24 Gold Mining
17:50 Man-at-Arms
23:08 Forging
22:58 Scale Mail Armor
22:51 Fletching
24:02 Stone Mining
29:43 Castle Age
29:45 Crossbowman
30:41 Hand Cart
30:27 Town Patrol
30:16 Gambesons
30:41 Heavy Plow
33:24 Chain Mail Armor
34:04 Pikeman
34:48 Squires
35:15 Bodkin Arrow
35:38 Arson
35:17 Long Swordsman
36:27 Husbandry
38:31 Padded Archer Armor
38:41 Scale Barding Armor
41:32 Iron Casting
41:15 Leather Archer Armor
42:00 Chain Barding Armor
MarkedMantis233
1:53 Wheelbarrow
1:04 Loom
7:58 Double-Bit Axe
13:22 Horse Collar
20:30 Feudal Age
21:13 Heavy Plow
21:19 Man-at-Arms
23:18 Gold Mining
23:18 Stone Mining
23:42 Bow Saw
23:54 Hand Cart
25:24 Arson
25:49 Town Watch
39:46 Padded Archer Armor
39:37 Fletching
39:57 Forging
39:48 Scale Mail Armor
39:53 Scale Barding Armor
dacotton1
1:01 Loom
12:03 Feudal Age
16:10 Wheelbarrow
15:22 Town Watch
16:55 Gold Mining
16:49 Man-at-Arms
22:11 Scale Mail Armor
25:34 Castle Age
24:10 Forging
26:41 Hand Cart
39:26 Imperial Age
36:59 Long Swordsman
37:25 Gambesons
39:59 Chain Mail Armor
40:20 Iron Casting
39:57 Pikeman
40:03 Two-Handed Swordsman
41:22 Town Patrol
41:05 Heavy Scorpion
Connection lost

Rejoining the realm…

Still unreachable

The connection could not be restored.

Session expired

The server has moved on; the page needs a fresh start.